SL
PHILADELPHIA 1776 BC @ RICHARDSON CITY THUNDERCATS
07/13/2032
 
TOP OF THE 1ST
Philadelphia 1776 BC batting - Pitching for Richardson City Thundercats : LHP Bartolomeu Lio
Pitching: LHP Bartolomeu Lio
Batting: LHB Kelvin Abbott 0-0: Called Strike
0-1: Called Strike
0-2: Ball
1-2: TRIPLE (Groundball, 3L)
Batting: RHB Mario Castillo 0-0: Ball
1-0: Ball
2-0: Called Strike
2-1: Fly out, F7 (Flyball, 7)
Runner from 3rd tags up, SCORES, throw made
Batting: RHB Phil Moore 0-0: Ground out 4-3 (Groundball, 34D)
Batting: RHB Karl Blanke 0-0: Ball
1-0: Ball
2-0: Ball
3-0: Called Strike
3-1: Called Strike
3-2: Base on Balls
Batting: LHB Manoo Satyavrat 0-0: Swinging Strike
0-1: Ball
1-1: Foul Ball, location: 2F
1-2: Ball
2-2: Strikes out looking
Top of the 1st over - 1 run, 1 hit, 0 errors, 1 left on base; Philadelphia 1776 1 - Richardson City 0
BOTTOM OF THE 1ST
Richardson City Thundercats batting - Pitching for Philadelphia 1776 BC : RHP Jay Mahabir
Pitching: RHP Jay Mahabir
Batting: SHB Mitch Qualtrough 0-0: SINGLE (Line Drive, 9LS)
Batting: RHB Anselmo Berneu 0-0: Called Strike
0-1: SINGLE (Flyball, 7LM)
Mitch Qualtrough to second
Batting: LHB Eduardo Álvarez 0-0: Called Strike
0-1: Ball
1-1: Swinging Strike
1-2: Ball
2-2: Strikes out swinging
Batting: RHB Alfredo Pizarro 0-0: Ball
1-0: Ball
2-0: Called Strike
2-1: Ball
Mitch Qualtrough steals 3rd base
3-1: Called Strike
3-2: Fielders Choice at 2nd, 6-4 (Groundball, 56)
Mitch Qualtrough scores
Batting: LHB Ashley Thachi 0-0: Called Strike
0-1: Ball
1-1: Reached on error, E3 (Groundball, 34S)
Alfredo Pizarro to third
Batting: LHB Juan Macíel 0-0: Ball
1-0: Ball
2-0: Ball
3-0: Called Strike
3-1: Fly out, F7 (Flyball, 78D)
Bottom of the 1st over - 1 run, 2 hits, 1 error, 2 left on base; Philadelphia 1776 1 - Richardson City 1
TOP OF THE 2ND
Philadelphia 1776 BC batting - Pitching for Richardson City Thundercats : LHP Bartolomeu Lio
Batting: RHB Eddie Sachs 0-0: Called Strike
0-1: Ball
1-1: SINGLE (Line Drive, 78M)
Batting: SHB Sam Quint 0-0: Ball
1-0: Ball
2-0: Called Strike
2-1: Ball
3-1: Foul Ball, location: 2F
3-2: Foul Ball, location: 2F
3-2: Base on Balls
Eddie Sachs to second
Batting: RHB Kevin Malone 0-0: Fly out, F5 (Line Drive, 5)
Batting: RHB Kent Summey 0-0: Ball
1-0: Fly out, F9 (Flyball, 9S)
Batting: LHB Kelvin Abbott 0-0: Ball
1-0: Foul Ball, location: 2F
1-1: Called Strike
1-2: Ball
2-2: Strikes out swinging
Top of the 2nd over - 0 runs, 1 hit, 0 errors, 2 left on base; Philadelphia 1776 1 - Richardson City 1
BOTTOM OF THE 2ND
Richardson City Thundercats batting - Pitching for Philadelphia 1776 BC : RHP Jay Mahabir
Batting: RHB Tomás Martínez 0-0: Ball
1-0: Foul Ball, location: 2F
1-1: Called Strike
1-2: Ball
2-2: Strikes out looking
Batting: RHB Felipe Campos 0-0: Called Strike
0-1: Ball
1-1: Swinging Strike
1-2: Ground out 6-3 (Groundball, 6)
Batting: LHB Eric Thackston 0-0: Called Strike
0-1: Ball
1-1: Ball
2-1: Ball
3-1: Fly out, F7 (Flyball, 7LD)
Bottom of the 2nd over - 0 runs, 0 hits, 0 errors, 0 left on base; Philadelphia 1776 1 - Richardson City 1
TOP OF THE 3RD
Philadelphia 1776 BC batting - Pitching for Richardson City Thundercats : LHP Bartolomeu Lio
Batting: RHB Mario Castillo 0-0: Foul Ball, location: 2F
0-1: Ball
1-1: Ball
2-1: Ball
3-1: Base on Balls
Batting: RHB Phil Moore 0-0: Ball
1-0: Grounds into double play, 4-6-3 (Groundball, 4)
Batting: RHB Karl Blanke 0-0: Called Strike
0-1: Ball
1-1: Swinging Strike
1-2: Ball
2-2: Ball
3-2: Ground out U3 (Groundball, 3)
Top of the 3rd over - 0 runs, 0 hits, 0 errors, 0 left on base; Philadelphia 1776 1 - Richardson City 1
BOTTOM OF THE 3RD
Richardson City Thundercats batting - Pitching for Philadelphia 1776 BC : RHP Jay Mahabir
Batting: SHB Mitch Qualtrough 0-0: Called Strike
0-1: Ball
1-1: Swinging Strike
1-2: Ball
2-2: Foul Ball, location: 2F
2-2: Ball
3-2: Foul Ball, location: 2F
3-2: SINGLE (Groundball, 34) (infield hit)
Batting: RHB Anselmo Berneu 0-0: Ball
Mitch Qualtrough steals 2nd base
1-0: Ball
2-0: Called Strike
2-1: Fly out, F8 (Flyball, 8RD)
Batting: LHB Eduardo Álvarez 0-0: Swinging Strike
0-1: Swinging Strike
0-2: Strikes out looking
Batting: RHB Alfredo Pizarro 0-0: Hit by Pitch
Batting: LHB Ashley Thachi 0-0: Called Strike
0-1: Foul Ball, location: 2F
0-2: Ball
1-2: Foul Ball, location: 2F
1-2: Foul Ball, location: 2F
1-2: Ball
2-2: Foul Ball, location: 2F
2-2: Strikes out swinging
Bottom of the 3rd over - 0 runs, 1 hit, 0 errors, 2 left on base; Philadelphia 1776 1 - Richardson City 1
TOP OF THE 4TH
Philadelphia 1776 BC batting - Pitching for Richardson City Thundercats : LHP Bartolomeu Lio
Batting: LHB Manoo Satyavrat 0-0: Ball
1-0: Foul Ball, location: 2F
1-1: Ball
2-1: Foul Ball, location: 2F
2-2: SINGLE (Line Drive, 6M)
Batting: RHB Eddie Sachs 0-0: Ball
1-0: Ball
2-0: Called Strike
2-1: Fly out, F7 (Flyball, 7S)
Batting: SHB Sam Quint 0-0: Called Strike
0-1: Ball
Wild Pitch!
Manoo Satyavrat to second
1-1: SINGLE (Groundball, 6D)
Manoo Satyavrat to third
Runner from 3rd tries for Home, SAFE, throw made home
Batting: RHB Kevin Malone 0-0: SINGLE (Line Drive, 7LS)
Sam Quint to second
Batting: RHB Kent Summey 0-0: Called Strike
0-1: Called Strike
0-2: Ball
1-2: Strikes out swinging
Batting: LHB Kelvin Abbott 0-0: SINGLE (Line Drive, 4MD)
Sam Quint to third
Kevin Malone to second
Batting: RHB Mario Castillo 0-0: Ball
1-0: Fly out, F9 (Flyball, 9S)
Top of the 4th over - 1 run, 4 hits, 0 errors, 3 left on base; Philadelphia 1776 2 - Richardson City 1
BOTTOM OF THE 4TH
Richardson City Thundercats batting - Pitching for Philadelphia 1776 BC : RHP Jay Mahabir
Batting: LHB Juan Macíel 0-0: SINGLE (Line Drive, 6MD)
Batting: RHB Tomás Martínez 0-0: Ball
1-0: Foul Ball, location: 2F
1-1: Fly out, F8 (Flyball, 8LXD)
Batting: RHB Felipe Campos 0-0: Ball
Juan Macíel steals 2nd base
1-0: Ball
2-0: Called Strike
2-1: Ball
Juan Macíel is caught stealing 3rd base
3-1: Fly out, F7 (Flyball, 7S)
Bottom of the 4th over - 0 runs, 1 hit, 0 errors, 0 left on base; Philadelphia 1776 2 - Richardson City 1
TOP OF THE 5TH
Philadelphia 1776 BC batting - Pitching for Richardson City Thundercats : LHP Bartolomeu Lio
Batting: RHB Phil Moore 0-0: Ball
1-0: Foul Ball, location: 2F
1-1: Ground out 3-1 (Groundball, 34S)
Batting: RHB Karl Blanke 0-0: Called Strike
0-1: Foul Ball, location: 2F
0-2: Foul Ball, location: 2F
0-2: Strikes out swinging
Batting: LHB Manoo Satyavrat 0-0: SINGLE (Groundball, 3D)
Batting: RHB Eddie Sachs 0-0: Ball
1-0: DOUBLE (Line Drive, 89D)
Manoo Satyavrat to third
Runner from 3rd tries for Home, SAFE, no throw
Batting: SHB Sam Quint 0-0: Ball
1-0: Ball
2-0: Ball
3-0: Called Strike
3-1: Foul Ball, location: 2F
3-2: Foul Ball, location: 2F
3-2: Strikes out swinging
Top of the 5th over - 1 run, 2 hits, 0 errors, 1 left on base; Philadelphia 1776 3 - Richardson City 1
BOTTOM OF THE 5TH
Richardson City Thundercats batting - Pitching for Philadelphia 1776 BC : RHP Jay Mahabir
Batting: LHB Eric Thackston 0-0: Ball
1-0: Ball
2-0: SINGLE (Groundball, 4D)
Batting: SHB Mitch Qualtrough 0-0: Called Strike
0-1: Ball
1-1: Sac Bunt - play at first, batter OUT! 3-4
Eric Thackston to second
Batting: RHB Anselmo Berneu 0-0: Ball
1-0: Ball
2-0: Called Strike
2-1: Swinging Strike
2-2: Foul Ball, location: 2F
2-2: Foul Ball, location: 2F
2-2: Ground out 5-3 (Groundball, 56)
Batting: LHB Eduardo Álvarez 0-0: Ball
1-0: Swinging Strike
1-1: Ball
2-1: Foul Ball, location: 2F
2-2: Reached on error, E6 (Groundball, 6)
Eric Thackston to third
Batting: RHB Alfredo Pizarro 0-0: Foul Ball, location: 2F
0-1: Ball
1-1: Foul Ball, location: 2F
1-2: Foul Ball, location: 2F
1-2: Foul Ball, location: 2F
1-2: Strikes out swinging
Bottom of the 5th over - 0 runs, 1 hit, 1 error, 2 left on base; Philadelphia 1776 3 - Richardson City 1
TOP OF THE 6TH
Philadelphia 1776 BC batting - Pitching for Richardson City Thundercats : LHP Bartolomeu Lio
Batting: RHB Kevin Malone 0-0: SINGLE (Line Drive, 56D)
Batting: RHB Kent Summey 0-0: Ball
1-0: Ground out 5-3 (Groundball, 56S)
Kevin Malone to second
Batting: LHB Kelvin Abbott 0-0: Fly out, F8 (Flyball, 78M)
Batting: RHB Mario Castillo 0-0: Fly out, F8 (Line Drive, 8RD)
Top of the 6th over - 0 runs, 1 hit, 0 errors, 1 left on base; Philadelphia 1776 3 - Richardson City 1
BOTTOM OF THE 6TH
Richardson City Thundercats batting - Pitching for Philadelphia 1776 BC : RHP Jay Mahabir
Batting: LHB Ashley Thachi 0-0: Ball
1-0: Foul Ball, location: 2F
1-1: Ball
2-1: SINGLE (Flyball, 78S)
Batting: LHB Juan Macíel 0-0: SINGLE (Line Drive, 34D)
Ashley Thachi to second
Pitching: LHP José Cotilla
Batting: RHB Tomás Martínez 0-0: Foul Ball, location: 2F
0-1: Ball
1-1: Bunted foul
1-2: Foul Ball, location: 2F
1-2: Ball
2-2: Strikes out swinging
Batting: RHB Felipe Campos 0-0: Ball
1-0: Foul Ball, location: 2F
1-1: Fly out, F8 (Flyball, 8LS)
Batting: LHB Eric Thackston 0-0: Foul Ball, location: 2F
0-1: Ball
1-1: Ball
2-1: Foul Ball, location: 2F
2-2: Foul Ball, location: 2F
2-2: Foul Ball, location: 2F
2-2: Ball
3-2: Foul Ball, location: 2F
3-2: Base on Balls
Ashley Thachi to third
Juan Macíel to second
Batting: SHB Mitch Qualtrough 0-0: Called Strike
0-1: Ball
1-1: Foul Ball, location: 2F
1-2: Strikes out swinging
Bottom of the 6th over - 0 runs, 2 hits, 0 errors, 3 left on base; Philadelphia 1776 3 - Richardson City 1
TOP OF THE 7TH
Philadelphia 1776 BC batting - Pitching for Richardson City Thundercats : LHP Bartolomeu Lio
Batting: RHB Phil Moore 0-0: Foul Ball, location: 2F
0-1: Called Strike
0-2: Ground out 4-3 (Groundball, 4S)
Batting: RHB Karl Blanke 0-0: Ball
1-0: Called Strike
1-1: Foul Ball, location: 2F
1-2: Strikes out looking
Batting: LHB Manoo Satyavrat 0-0: Called Strike
0-1: Foul Ball, location: 2F
0-2: Foul Ball, location: 2F
0-2: Strikes out swinging
Top of the 7th over - 0 runs, 0 hits, 0 errors, 0 left on base; Philadelphia 1776 3 - Richardson City 1
BOTTOM OF THE 7TH
Richardson City Thundercats batting - Pitching for Philadelphia 1776 BC : LHP José Cotilla
Batting: RHB Anselmo Berneu 0-0: Foul Ball, location: 2F
0-1: Ball
1-1: Ball
2-1: Ball
3-1: Base on Balls
Batting: LHB Eduardo Álvarez 0-0: Ball
1-0: Ball
2-0: DOUBLE (Line Drive, 5D)
Anselmo Berneu to third
Batting: RHB Alfredo Pizarro 0-0: Called Strike
0-1: Called Strike
0-2: Fly out, F8 (Flyball, 8RD)
Runner from 3rd tags up, OUT at HOME
Eduardo Álvarez to third
Batting: LHB Ashley Thachi 0-0: Ball
1-0: Ball
2-0: Ball
3-0: Called Strike
3-1: Base on Balls
Batting: LHB Juan Macíel 0-0: Foul Ball, location: 2F
0-1: Called Strike
0-2: Ball
1-2: Strikes out swinging
Bottom of the 7th over - 0 runs, 1 hit, 0 errors, 2 left on base; Philadelphia 1776 3 - Richardson City 1
TOP OF THE 8TH
Philadelphia 1776 BC batting - Pitching for Richardson City Thundercats : LHP Bartolomeu Lio
Batting: RHB Eddie Sachs 0-0: Called Strike
0-1: Ball
1-1: Called Strike
1-2: Ball
2-2: Strikes out swinging
Pitching: RHP Weston Fisher
Batting: SHB Sam Quint 0-0: Ball
1-0: Swinging Strike
1-1: Ball
2-1: Called Strike
2-2: Reached on error, E3 (Groundball, 34S)
Batting: RHB Kevin Malone 0-0: Ground out 6-3 (Groundball, 6)
Batting: RHB Kent Summey 0-0: Ball
1-0: SINGLE (Groundball, 56D)
Sam Quint to third
Runner from 3rd tries for Home, SAFE, no throw
Batting: LHB Kelvin Abbott 0-0: Swinging Strike
0-1: Ball
1-1: Foul Ball, location: 2F
1-2: Fly out, F3 (Line Drive, 3L)
Top of the 8th over - 1 run, 1 hit, 1 error, 1 left on base; Philadelphia 1776 4 - Richardson City 1
BOTTOM OF THE 8TH
Richardson City Thundercats batting - Pitching for Philadelphia 1776 BC : LHP José Cotilla
Batting: RHB Tomás Martínez 0-0: Called Strike
0-1: Ground out 2-3 (Groundball, 2R)
Batting: RHB Felipe Campos 0-0: Ball
1-0: Called Strike
1-1: Ball
2-1: Foul Ball, location: 2F
2-2: Ball
3-2: Foul Ball, location: 2F
3-2: Base on Balls
Batting: LHB Eric Thackston 0-0: SINGLE (Groundball, 5D)
Felipe Campos to second
Batting: SHB Mitch Qualtrough 0-0: Ball
1-0: Ball
2-0: Grounds into double play, 5-4-3 (Groundball, 56)
Bottom of the 8th over - 0 runs, 1 hit, 0 errors, 1 left on base; Philadelphia 1776 4 - Richardson City 1
TOP OF THE 9TH
Philadelphia 1776 BC batting - Pitching for Richardson City Thundercats : RHP Weston Fisher
Batting: RHB Mario Castillo 0-0: Ball
1-0: Ball
2-0: Ball
3-0: Fly out, F9 (Line Drive, 9S)
Batting: RHB Phil Moore 0-0: Called Strike
0-1: Ball
1-1: Fly out, F9 (Flyball, 9S)
Batting: RHB Karl Blanke 0-0: Ball
1-0: Fly out, F7 (Line Drive, 7D)
Top of the 9th over - 0 runs, 0 hits, 0 errors, 0 left on base; Philadelphia 1776 4 - Richardson City 1
BOTTOM OF THE 9TH
Richardson City Thundercats batting - Pitching for Philadelphia 1776 BC : LHP José Cotilla
Pitching: RHP Tony Solíz
Batting: RHB Anselmo Berneu 0-0: Called Strike
0-1: Ball
1-1: Ball
2-1: SINGLE (Flyball, 9LM)
Batting: LHB Eduardo Álvarez 0-0: Swinging Strike
0-1: Ball
1-1: Swinging Strike
1-2: Strikes out looking
Batting: RHB Alfredo Pizarro 0-0: Called Strike
0-1: Foul Ball, location: 2F
0-2: Ball
1-2: Grounds into double play, 6-4-3 (Groundball, 6MD)
Bottom of the 9th over - 0 runs, 1 hit, 0 errors, 0 left on base; Philadelphia 1776 4 - Richardson City 1
Wednesday, September 19th, 2018 - OOTP Baseball 18.8 Build 76